 Dungeon Crawl Stone Soup version 0.20-a0-317-gc038824 (webtiles) character file.

35 RonnieColeman the Conjurer (level 3, -6/21 HPs)
             Began as an Octopode Conjurer on Dec 20, 2016.
             Mangled by a gnoll
             ... wielding a +0 spear
              (11 damage)
             ... on level 2 of the Dungeon.
             The game lasted 00:02:24 (1322 turns).

RonnieColeman the Conjurer (Octopode Conjurer)      Turns: 1322, Time: 00:02:25

Health: -6/21      AC:  1    Str:  7    XL:     3   Next: 35%
Magic:  4/7        EV: 13    Int: 18    God:
Gold:   55         SH:  0    Dex: 12    Spells: 6/7 levels left

rFire  + + .     SeeInvis .     i - +0 short sword
rCold  x . .     Gourm    .     (no shield)
rNeg   . . .     Faith    .     (helmet restricted)
rPois  .         Spirit   .     (no amulet)
rElec  .         Reflect  .     f - ring of protection from fire
rCorr  .         Harm     .     j - ring of fire
MR     .....                    (no ring)
Stlth  +++.......               (no ring)
                                (no ring)
                                (no ring)
                                (no ring)
                                (no ring)

@: no status effects
A: almost no armour, stealthy swim, amphibious, 8 rings, constrict 8, camouflage
1, gelatinous body 1
a: no special abilities


You were on level 2 of the Dungeon.
You were not hungry.

You visited 1 branch of the dungeon, and saw 2 of its levels.

You collected 55 gold pieces.

Inventory:

Hand Weapons
 c - a +0 dagger
 i - a +0 short sword (weapon)
Jewellery
 f - a ring of protection from fire (left tentacle)
 j - a ring of fire (right tentacle)
Scrolls
 e - a scroll of enchant weapon {unknown}
 g - a scroll of identify {unknown}
 h - a scroll of amnesia {unknown}
 l - a scroll of remove curse {unknown}
Potions
 d - 2 potions of haste {unknown}
Books
 a - a book of Conjurations

   Spells                             Type                      Level
   a - Magic Dart                     Conjuration                  1
   b - Searing Ray                    Conjuration                  2
   c - Dazzling Spray                 Conjuration/Hexes            3
   d - Fulminant Prism                Conjuration/Hexes            4
   e - Iskenderun's Mystic Blast      Conjuration                  4
   f - Iskenderun's Battlesphere      Conjuration/Charms           5
Comestibles
 b - a bread ration
 k - 2 meat rations


   Skills:
 - Level 2.0 Dodging
 - Level 2.6 Stealth
 * Level 2.9 Spellcasting
 + Level 4.4 Conjurations


You had 6 spell levels left.
You knew the following spells:

 Your Spells              Type           Power        Failure   Level  Hunger
a - Magic Dart            Conj           ###.         2%          1    None


Dungeon Overview and Level Annotations

Branches:
Dungeon (2/15)

Altars:


Innate Abilities, Weirdness & Mutations

You cannot wear most types of armour.
You are very stealthy in the water. (Stealth+)
You are amphibious.
You can wear up to eight rings at the same time.
You can use your tentacles to constrict eight enemies at once.
Your skin changes colour to match your surroundings (Stealth+).
Your rubbery body absorbs attacks. (AC +1, EV +1)


Message History

Casting: Magic Dart
Confirm with . or Enter, or press ? or * to list all spells.
Aiming: Magic Dart
Press: ? - help, Shift-Dir - straight line, f/p - gnoll
Aim: a gnoll (moderately wounded)
The magic dart hits the gnoll.
The gnoll is severely wounded.
A worm comes into view.
Casting: Magic Dart
Confirm with . or Enter, or press ? or * to list all spells.
You don't know that spell.
The gnoll hits you from afar with a spear!
Ouch! That really hurt!
The gnoll closely misses you.
The gnoll hits you from afar with a spear.
* * * LOW HITPOINT WARNING * * *
The worm misses you.
The gnoll hits you from afar with a spear!
Ouch! That really hurt!
You die...

#.##...........................
#.##.#.########################
#.##.#.# #. .........#####
#.##.#.# ##.# #........ ..
#.#.# #... ##.#.####. #.#.#
#...########....####. #.#.#
#.................... .....
#...########..######.
#>..@.gS............. #
#....wg..###.#######.
#.##.....g..# #.# #.
#......(....###.#######.
............##........#.
............#.....###.#.
...............8........
....#.######..8_8..##.#. . #
#...8..###.#.


You could see a worm, 3 gnolls and a ball python.

Vanquished Creatures
  An ooze (D:1)
  A dart slug (D:1)
  2 bats
  6 goblins (D:1)
  4 hobgoblins
  2 jackals (D:1)
  A frilled lizard (D:1)
  6 kobolds
  4 rats (D:1)
27 creatures vanquished.

Notes
Turn   | Place    | Note
-------+----------+-------------------------------------------
     0 | D:1      | RonnieColeman the Octopode Conjurer began the quest for the Orb.
     0 | D:1      | Reached XP level 1. HP: 11/11 MP: 3/3
    43 | D:1      | Reached XP level 2. HP: 17/17 MP: 1/5
   659 | D:1      | Reached XP level 3. HP: 21/21 MP: 4/7
  1268 | D:2      | Found a faded altar of an unknown god.
  1322 | D:2      | Mangled by a gnoll

Vault maps used:
D:1:      evilmike_arrival_plus, minmay_misc_feat_secret_circle, minmay_domino_4
D:2:      chequers_ecumenical_altar_simple

Action                   || total
-------------------------++-------
Melee: Dagger            ||    24
       Unarmed           ||     2
       Constrict         ||     7
       Tentacles         ||     4
       Short sword       ||     7
 Cast: Magic Dart        ||    34
 Stab: Sleeping          ||     6
  Eat: Chunk             ||     1
Armor: Skin              ||     2
Dodge: Dodged            ||    21
